Map: Traitor's Exile

Players

Abolere

  • Race: Protoss Protoss
  • League: Diamond
  • Spawn Location: 9:00

XDMaelstrom

  • Race: Protoss Protoss
  • Spawn Location: 12:00

Cthulhu

  • Race: Protoss Protoss
  • Spawn Location: 6:00

Throwfordays

  • Race: Protoss Protoss
  • League: Silver
  • Spawn Location: 5:00

VOD

Have the link to the VOD?

Description

Time

  • Played on: Feb. 26, 2019, 11:01 p.m.
  • Length: 12:07
Show
View Real Time Build Order
Export as new Build Order

Abolere Protoss 

Build Orders: Phoenix Opening 

Get SALT Encoding   

  12  0:01  Probe  
  13  0:13  Probe  
  14  0:19  Pylon  
  14  0:26  Probe  
  15  0:38  Probe  
  15  0:42  Gateway  
  16  0:51  Probe  
  16  0:53  Assimilator  
  17  1:16  Gateway  
  17  1:17  Pylon  
  17  1:23  Probe  
  18  1:35  Probe  
  20  1:47  Probe  
  20  1:48  Cybernetics Core  
  19  1:54  Assimilator  
  19  1:59  Probe  
  20  2:11  Probe  
  21  2:23  Probe  
  21  2:27  Stargate, Warp Gate  
  22  2:30  Stalker  
  22  2:36  Stalker  
  24  2:50  Probe  
  27  3:05  Phoenix  
  27  3:14  Nexus  
  27  3:16  Pylon  
  29  3:30  Phoenix  
  31  3:44  Probe  
  32  3:50  Phoenix  
  34  4:03  Probe  
  35  4:15  Gateway, Probe  
  36  4:23  Gateway  
  36  4:28  Phoenix  
  36  4:30  Probe x2  
  40  4:45  Phoenix  
  40  4:48  Probe  
  40  4:52  Probe  
  42  4:56  Probe  
  42  4:57  Stargate  
  44  5:04  Probe  
  46  5:14  Probe  
  46  5:16  Probe  
  48  5:26  Probe  
  49  5:51  Void Ray  
  49  5:56  Probe  
  54  5:58  Assimilator  
  54  6:02  Assimilator  
  54  6:36  Protoss Air Weapons Level 1  
  54  6:39  Pylon x3  
  54  6:53  Probe x2  
  54  6:57  Void Ray x2  
  64  7:01  Probe  
  64  7:02  Probe  
  66  7:12  Nexus  
  66  7:14  Pylon, Probe x2  
  68  7:26  Probe x2  
  70  7:30  Void Ray x2  
  70  7:38  Probe  
  79  7:50  Pylon  
  79  7:54  Pylon  
  79  8:06  Probe x2  
  81  8:13  Void Ray x2  
  89  8:21  Fleet Beacon  
  89  8:25  Probe x3  
  92  8:37  Probe x3  
  95  8:51  Assimilator  
  95  8:55  Void Ray x2  
  95  9:01  Probe x3  
  106  9:07  Assimilator  
  106  9:13  Nexus, Probe x3, Pylon  
  107  9:25  Probe x3  
  110  9:37  Probe x3  
  113  9:38  Void Ray x2  
  113  9:40  Pylon  
  113  9:42  Pylon  
  121  9:49  Twilight Council  
  120  9:53  Gateway  
  117  10:01  Gateway  
  115  10:21  Void Ray x2  
  93  11:04  Void Ray x2  
Show
View Real Time Build Order
Export as new Build Order

XDMaelstrom Protoss 

Build Orders: Oracle Opening, Chargelot Immortal 

Get SALT Encoding   

  12  0:01  Probe  
  13  0:13  Probe  
  14  0:19  Pylon  
  14  0:25  Probe  
  15  0:41  Gateway  
  15  0:46  Assimilator, Probe  
  16  1:00  Probe  
  17  1:07  Pylon  
  17  1:12  Probe  
  18  1:34  Cybernetics Core  
  18  1:49  Zealot  
  18  1:51  Warp Gate  
  18  1:57  Probe  
  18  1:58  Nexus  
  21  2:24  Assimilator  
  21  2:26  Stargate  
  21  2:27  Probe  
  22  2:39  Probe  
  23  2:51  Probe  
  24  2:59  Adept  
  26  3:07  Probe  
  26  3:11  Oracle  
  30  3:19  Probe  
  31  3:31  Pylon  
  31  3:35  Gateway x2  
  31  3:37  Gateway  
  31  3:38  Probe  
  31  3:39  Probe  
  33  4:02  Twilight Council  
  33  4:06  Pylon  
  33  4:07  Probe  
  33  4:08  Probe  
  35  4:12  Phoenix  
  35  4:13  Assimilator  
  35  4:20  Probe x2  
  34  4:39  Probe x2  
  33  4:51  Probe x2  
  35  4:54  Zealot x2  
  39  5:03  Probe x2  
  41  5:13  Charge  
  41  5:15  Probe x2  
  41  5:17  Zealot  
  45  5:27  Probe x2  
  47  5:34  Forge  
  47  5:39  Phoenix  
  49  5:48  Robotics Facility  
  49  5:50  Pylon  
  49  5:58  Zealot x2  
  49  6:02  Probe x2  
  55  6:12  Assimilator  
  55  6:14  Probe x2  
  57  6:24  Oracle  
  60  6:26  Probe  
  61  6:38  Observer  
  62  6:53  Blink  
  62  6:55  Robotics Facility x2, Immortal  
  62  6:57  Pylon  
  66  7:14  Probe x2  
  68  7:24  Nexus  
  68  7:26  Assimilator, Probe x2  
  70  7:30  Assimilator  
  70  7:31  Zealot  
  70  7:32  Pylon  
  70  7:34  Warp Prism  
  70  7:36  Pylon  
  74  7:52  Protoss Ground Weapons Level 1  
  74  8:03  Zealot x4  
  79  8:12  Forge  
  79  8:16  Probe  
  79  8:17  Probe  
  81  8:29  Probe x2  
  83  8:39  Immortal x2  
  91  8:47  Pylon  
  91  8:49  Pylon  
  91  8:51  Immortal  
  91  8:52  Pylon  
  95  9:02  Robotics Bay  
  95  9:06  Templar Archives  
  95  9:10  Pylon  
  95  9:12  Probe x2  
  96  9:18  Immortal  
  96  9:20  Zealot x3  
  106  9:24  Probe x2  
  108  9:35  Zealot  
  110  9:41  Zealot x3  
  116  9:46  Probe x2  
  116  9:49  Probe  
  119  9:58  Probe  
  120  10:16  Probe  
  120  10:17  Probe  
  122  10:26  Zealot x2  
  122  10:27  Zealot x2  
  122  11:00  Colossus  
  122  11:06  Stalker x3  
  122  11:07  Stalker  
  122  11:10  Colossus  
  140  11:23  Pylon  
  136  11:26  Pylon  
  136  11:29  Pylon  
  140  11:42  Zealot x4  
Show
View Real Time Build Order
Export as new Build Order

Cthulhu Protoss 

Build Orders: 1 Gate Expand, Forge Fast Expand (FFE) 

Get SALT Encoding   

  1  0:00  Probe  
  12  0:06  Probe  
  14  0:17  Probe  
  15  0:24  Pylon  
  16  0:42  Probe  
  16  0:57  Forge, Gateway  
  16  1:11  Pylon  
  16  1:19  Probe  
  16  1:23  Assimilator  
  17  1:27  Probe  
  18  1:43  Nexus  
  18  1:52  Pylon  
  18  2:01  Probe  
  19  2:09  Probe  
  19  2:11  Cybernetics Core  
  20  2:19  Probe  
  21  2:27  Photon Cannon  
  21  2:29  Warp Gate  
  21  2:40  Probe  
  22  2:45  Pylon  
  22  2:46  Assimilator  
  22  2:52  Probe  
  23  3:04  Probe  
  24  3:12  Stalker  
  26  3:16  Probe x2  
  28  3:27  Robotics Facility  
  28  3:28  Probe x2  
  28  3:30  Pylon  
  30  3:40  Probe  
  30  3:41  Probe  
  32  3:44  Assimilator  
  32  3:59  Probe  
  32  4:01  Probe  
  34  4:04  Nexus  
  34  4:12  Photon Cannon  
  34  4:16  Observer  
  35  4:18  Stalker  
  37  4:25  Pylon  
  37  4:47  Photon Cannon  
  37  4:52  Zealot  
  39  4:56  Observer  
  38  5:09  Gateway x2  
  38  5:10  Observer  
  38  5:11  Gateway  
  38  5:15  Zealot, Probe  
  38  5:17  Probe  
  38  5:19  Probe  
  44  5:23  Probe  
  44  5:29  Probe  
  44  5:31  Probe  
  44  5:42  Stalker  
  43  5:58  Pylon  
  43  6:03  Photon Cannon  
  43  6:06  Protoss Ground Weapons Level 1  
  43  6:07  Photon Cannon  
  43  6:11  Pylon  
  43  6:13  Stalker  
  43  6:14  Stalker x3  
  51  6:24  Observer  
  52  6:38  Zealot x4  
  60  6:46  Observer  
  61  6:51  Twilight Council  
  61  6:53  Photon Cannon  
  61  6:55  Probe  
  61  6:56  Probe x2  
  52  7:44  Stalker x3  
  58  7:51  Stalker  
  58  7:54  Probe  
  58  7:55  Probe x2  
  58  7:56  Protoss Ground Weapons Level 2  
  58  7:57  Assimilator  
  63  7:59  Assimilator  
  63  8:03  Photon Cannon  
  63  8:07  Photon Cannon, Probe  
  63  8:10  Photon Cannon  
  64  8:16  Pylon, Observer  
  64  8:17  Gateway x2  
  64  8:19  Pylon, Blink  
  65  8:34  Observer  
  65  8:36  Assimilator  
  66  8:45  Photon Cannon  
  66  8:48  Photon Cannon  
  66  8:50  Stalker x3  
  71  9:27  Probe x3  
  74  9:39  Gateway, Probe x2  
  74  9:40  Gateway, Probe  
  77  9:52  Gateway  
  77  9:55  Gateway  
  61  10:09  Stalker x3  
  61  10:10  Stalker x3  
  61  10:40  Stalker  
  61  10:41  Stalker x6  
  51  11:12  Adept x3  
  51  11:13  Adept x6  
  69  11:22  Zealot  
  71  11:35  Adept x2  
  71  11:36  Adept x3  
Show
View Real Time Build Order
Export as new Build Order

Throwfordays Protoss 

Build Orders: Nexus First, Oracle Opening 

Get SALT Encoding   

  12  0:00  Probe  
  13  0:13  Probe  
  14  0:23  Pylon  
  14  0:25  Probe  
  15  0:41  Probe  
  16  1:02  Probe  
  17  1:04  Nexus  
  17  1:14  Gateway  
  17  1:20  Pylon  
  17  1:26  Assimilator  
  17  1:29  Probe  
  18  1:41  Probe  
  19  1:53  Probe  
  20  2:01  Cybernetics Core  
  20  2:05  Probe  
  20  2:06  Assimilator  
  21  2:12  Probe  
  21  2:13  Zealot  
  23  2:18  Probe  
  23  2:20  Probe  
  26  2:30  Probe x2  
  26  2:31  Warp Gate  
  28  2:42  Probe  
  29  2:44  Stargate  
  29  2:54  Probe  
  29  2:57  Gateway  
  30  3:06  Probe  
  30  3:09  Zealot  
  33  3:15  Gateway  
  33  3:18  Oracle, Probe  
  34  3:31  Probe  
  38  3:34  Gateway  
  38  3:38  Zealot  
  40  3:43  Probe  
  40  3:44  Pylon  
  40  3:47  Pylon  
  41  3:50  Pylon  
  41  4:01  Pylon  
  41  4:12  Phoenix  
  43  4:36  Stalker x3  
  43  4:37  Stalker  
  38  4:46  Probe  
  38  4:47  Probe  
  40  4:54  Probe  
  40  4:55  Probe  
  42  5:01  Forge  
  42  5:03  Probe  
  42  5:04  Probe  
  43  5:11  Forge  
  43  5:12  Probe  
  43  5:13  Probe  
  44  5:16  Protoss Air Weapons Level 1  
  44  5:20  Probe  
  46  5:21  Probe  
  48  5:29  Probe  
  48  5:31  Probe  
  50  5:35  Photon Cannon  
  50  5:41  Probe  
  51  5:43  Probe  
  51  5:44  Photon Cannon  
  51  5:49  Photon Cannon  
  52  5:50  Probe  
  53  5:58  Probe  
  54  6:07  Pylon  
  54  6:08  Probe  
  54  6:10  Assimilator  
  55  6:14  Assimilator  
  53  6:26  Photon Cannon  
  53  6:31  Photon Cannon  
  53  6:40  Probe  
  53  6:45  Photon Cannon  
  54  6:48  Photon Cannon  
  54  6:52  Probe  
  55  6:59  Stargate  
  55  7:02  Stargate  
  55  7:04  Probe  
  56  7:16  Probe  
  57  7:28  Probe  
  58  7:41  Probe  
  59  7:46  Phoenix  
  59  7:47  Nexus, Phoenix x2  
  59  7:50  Pylon  
  65  7:52  Probe  
  65  7:54  Pylon  
  65  7:55  Protoss Shields Level 1  
  65  7:56  Protoss Ground Weapons Level 1  
  65  8:05  Probe  
  66  8:16  Phoenix x3  
  72  8:25  Pylon  
  72  8:29  Protoss Air Armor Level 1  
  72  8:31  Pylon  
  72  8:36  Stargate  
  72  8:39  Fleet Beacon  
  72  8:45  Fleet Beacon  
  72  9:00  Phoenix  
  74  9:07  Assimilator  
  74  9:12  Assimilator  
  74  9:16  Photon Cannon  
  74  9:19  Photon Cannon  
  74  9:23  Photon Cannon  
  74  9:25  Photon Cannon  
  74  9:26  Probe  
  74  9:28  Photon Cannon  
  75  9:32  Photon Cannon  
  75  9:36  Probe  
  75  9:37  Anion Pulse-Crystals  
  76  9:38  Probe  
  77  9:48  Probe  
  77  9:50  Probe  
  77  9:52  Cybernetics Core  
  79  9:59  Phoenix  
  81  10:00  Probe  
  81  10:02  Phoenix  
  81  10:03  Probe  
  85  10:11  Phoenix x2  
  85  10:12  Probe  
  90  10:15  Probe  
  91  10:24  Probe  
  23  11:46  Pylon  
  23  11:49  Pylon  
  17  11:54  Pylon  
Tags
 
Add a new tag
Caveats
  • Supply blocks, unpowered buildings, or Contaminate may cause inaccurate times.
  • Supply counts are checked every 10 seconds.